 Dungeon Crawl Stone Soup version 0.26-a0-966-gd078a86f14 (webtiles) character file.

Game seed: 6489464207502844573

16 Rennog the Cudgeller (level 2, -3/22 HPs)
             Began as a Demonspawn Gladiator on Dec 3, 2020.
             Slain by an adder (5 damage)
             ... on level 2 of the Dungeon.
             The game lasted 00:01:37 (907 turns).

Rennog the Cudgeller (Demonspawn Gladiator)          Turns: 907, Time: 00:01:38

Health: -3/22      AC:  4    Str: 14    XL:     2   Next: 37%
Magic:  2/2        EV: 12    Int: 11    God:
Gold:   58         SH:  0    Dex: 14    Spells: 1/1 levels left

rFire    + . .     SeeInvis .   a - +0 flail
rCold    . . .     Faith    .   (no shield)
rNeg     . . .     Spirit   .   b - +0 leather armour
rPois    .         Reflect  .   c - +0 helmet
rElec    .         Harm     .   (no cloak)
rCorr    .         Rampage  .   (no gloves)
MR       .....                  (no boots)
Stlth    +.........             (no amulet)
HPRegen  0.07/turn              (no ring)
MPRegen  0.08/turn              (no ring)

@: brilliant, lethally poisoned (-3 -> -8)
A: hooves 1, clever 1, fire resistance 1, mutation resistance 1
a: no special abilities


You were on level 2 of the Dungeon.
You visited 1 branch of the dungeon, and saw 2 of its levels.

You collected 58 gold pieces.

Inventory:

Hand Weapons
 a - a +0 flail (weapon)
Missiles
 d - 3 throwing nets (quivered)
Armour
 b - a +0 leather armour (worn)
 c - a +0 helmet (worn)
Scrolls
 e - 3 scrolls of identify {unknown}
 f - a scroll of magic mapping {unknown}
 h - 2 scrolls of teleportation {unknown}
 i - a scroll of fear {unknown}


   Skills:
 - Level 2.0 Fighting
 + Level 3.4 Maces & Flails
 - Level 1.7 Throwing
 - Level 2.6 Dodging


You had one spell level left.
You didn't know any spells.
Your spell library was empty.

Dungeon Overview and Level Annotations

Branches:
Dungeon (2/15)

Altars:


Innate Abilities, Weirdness & Mutations

You have large cloven feet.
Your mind is acute. (Int +2)
Your flesh is heat resistant. (rF+)
You are somewhat resistant to further mutation.


Message History

You are too injured to fight recklessly!
You feel sick.
It was a potion of brilliance.
You feel clever all of a sudden. The adder bites you but does no damage.
The jelly hits you but does no damage. The kobold hits you but does no damage.
It was a potion of mutation.
You feel extremely strange.
You feel resistant to heat.
You feel clever.
You feel genetically stable.
* * * LOW HITPOINT WARNING * * *
You feel sick. The adder barely misses you. The kobold misses you.
The jelly hits you but does no damage. The adder closely misses you.
There is a lethal amount of poison in your body!
There is a lethal amount of poison in your body!
There is a lethal amount of poison in your body!
* * * LOW HITPOINT WARNING * * *
You feel sick. The kobold hits you.
* * * LOW HITPOINT WARNING * * *
The jelly hits you but does no damage. The adder bites you but does no damage.
The adder bites you.
You die...

#.....##
#......#
#.....?# ###
.###......##...
..........#...#
#.........# #
####......# #.#
.......JS.# #.#
..#....K@.###.#
###.##(..(..##
#.. #.......###
#. ####.#....#
.. ##.#..###
#.. #.....#
##... #.###.#
##.... ... ##.#
.##.....####.
#..#


You could see a jelly, an adder and a kobold.

Vanquished Creatures
  A worm (D:1)
  A bat (D:1)
  A goblin (D:1)
  5 hobgoblins
  A frilled lizard (D:1)
  3 rats
12 creatures vanquished.

Notes
Turn   | Place    | Note
-------+----------+-------------------------------------------
     0 | D:1      | Rennog the Demonspawn Gladiator began the quest for the
                  | Orb.
     0 | D:1      | Reached XP level 1. HP: 16/16 MP: 1/1
   141 | D:1      | Reached skill level 3 in Maces & Flails
   503 | D:1      | Gained mutation: You have large cloven feet. [demonic
                  | ancestry]
   503 | D:1      | Reached XP level 2. HP: 3/22 MP: 2/2
   905 | D:2      | Gained mutation: Your flesh is heat resistant. (rF+)
                  | [potion of mutation]
   905 | D:2      | Gained mutation: Your mind is acute. (Int +2) [potion of
                  | mutation]
   905 | D:2      | Gained mutation: You are somewhat resistant to further
                  | mutation. [potion of mutation]
   907 | D:2      | Slain by an adder

Illustrated notes

Levels and vault maps discovered:
D:1:      lightli_arrival_boilingwater, layout_rooms, minmay_small_reverse_x
D:2:      layout_rooms

Skill      XL: |  1 |
---------------+----+-----
Maces & Flails | 3 |  3.4
Fighting       | |  2.0
Throwing       | |  1.7
Dodging        | |  2.6

Action                   || total
-------------------------++-------
Melee: Flail             ||    28
       Kick              ||     1
  Use: Potion            ||     2
Armor: Leather armour    ||    13
Dodge: Dodged            ||    24

Table legend: (Time is in decaauts)
 A = Elapsed time spent in this place.
 B = Non-inter-level travel time spent in this place.
 C = Inter-level travel time spent in this place.
 D = Time resting spent in this place.
 E = Time spent auto-exploring this place.
 F = Levels seen in this place.
 G = Mean time per level.
                   A        B        C        D        E       F      G
               +--------+--------+--------+--------+--------+-----+--------+
         Total |    916 |    899 |     17 |    265 |    553 |   2 |  458.0 |
       Dungeon |    916 |    899 |     17 |    265 |    553 |   2 |  458.0 |
               +--------+--------+--------+--------+--------+-----+--------+

Top non-repeatable levels by time:
     D:1: 770 daAuts
     D:2: 146 daAuts
